Map: Jagannatha LE

Players

Has - Winner!

  • Race: Protoss Protoss
  • Spawn Location: 1:00

GogojOey

  • Race: Zerg Zerg
  • Spawn Location: 7:00

Event: DreamHack SC2 Masters 2020 Winter

VOD

Have the link to the VOD?

Description

Time

  • Played on: Oct. 21, 2020, 10:31 a.m.
  • Length: 9:45

All games in this series

Show
View Real Time Build Order
Export as new Build Order

Has Protoss - Winner!

Build Orders: Oracle Opening 

Get SALT Encoding   

  12  0:00  Probe  
  13  0:12  Probe  
  14  0:20  Pylon  
  14  0:24  Probe  
  15  0:38  Probe (Chrono Boost)  
  15  0:40  Gateway  
  16  0:47  Probe (Chrono Boost)  
  16  0:48  Assimilator  
  17  0:52  Probe  
  18  1:04  Probe  
  18  1:08  Forge  
  19  1:16  Probe  
  20  1:28  Probe  
  20  1:30  Pylon  
  21  1:33  Pylon  
  21  1:35  Pylon  
  22  1:48  Photon Cannon  
  21  1:55  Cybernetics Core, Pylon  
  21  2:13  Photon Cannon  
  21  2:14  Photon Cannon  
  21  2:18  Probe  
  22  2:28  Adept (Chrono Boost)  
  22  2:30  Assimilator, Probe  
  25  2:38  Stargate  
  25  2:42  Probe  
  28  3:10  Nexus  
  25  3:14  Pylon  
  25  3:24  Photon Cannon  
  29  3:41  Oracle (Chrono Boost)  
  29  3:42  Pylon  
  29  3:47  Pylon  
  26  3:53  Pylon  
  26  3:56  Pylon  
  27  4:05  Pylon  
  27  4:08  Pylon  
  26  4:11  Oracle (Chrono Boost)  
  30  4:17  Probe (Chrono Boost)  
  30  4:23  Pylon  
  30  4:25  Photon Cannon  
  30  4:26  Probe (Chrono Boost)  
  32  4:35  Probe (Chrono Boost)  
  32  4:37  Probe (Chrono Boost)  
  33  4:42  Probe x2 (Chrono Boost)  
  35  4:47  Oracle  
  38  4:53  Probe x2  
  38  4:54  Warp Gate  
  40  5:05  Probe  
  40  5:06  Probe  
  42  5:10  Adept  
  44  5:17  Probe (Chrono Boost)  
  46  5:22  Probe (Chrono Boost)  
  46  5:24  Twilight Council  
  46  5:25  Protoss Ground Weapons Level 1  
  47  5:28  Probe (Chrono Boost)  
  47  5:33  Phoenix, Probe (Chrono Boost)  
  50  5:35  Probe (Chrono Boost)  
  50  5:40  Adept  
  54  5:45  Pylon  
  54  5:47  Probe (Chrono Boost)  
  54  5:48  Probe (Chrono Boost)  
  55  5:52  Probe (Chrono Boost)  
  55  5:54  Probe  
  55  5:56  Robotics Facility  
  57  6:02  Probe  
  59  6:15  Charge (Chrono Boost)  
  58  6:22  Gateway x2  
  58  6:25  Gateway x2  
  58  6:29  Gateway  
  58  6:30  Assimilator  
  58  6:37  Pylon  
  58  6:38  Probe x2  
  60  6:41  Gateway  
  60  6:42  Zealot  
  60  6:47  Pylon  
  62  6:53  Pylon x2  
  60  6:57  Probe x2  
  61  7:09  Probe  
  61  7:13  Warp Prism (Chrono Boost), Templar Archives  
  58  7:20  Zealot x5  
  70  7:25  Assimilator  
  70  7:27  Zealot  
  72  7:35  Nexus  
  72  7:52  Probe x2  
  72  7:55  Pylon  
  74  8:05  Zealot x3  
  74  8:06  Zealot x3  
  86  8:17  Pylon, Probe x2  
  86  8:27  Zealot x4  
  86  8:30  Zealot  
  94  8:36  Zealot x2  
  94  8:38  Probe x2  
  87  8:49  High Templar x4  
  87  8:50  Probe x2  
  87  8:51  Zealot  
  87  8:53  Archon  
  87  8:54  Archon  
  87  8:55  Probe  
  94  9:02  Zealot x2, Probe  
  97  9:13  Probe x2  
  97  9:17  Zealot  
  95  9:21  High Templar  
  95  9:22  High Templar x3  
  95  9:23  Zealot x2  
Show
View Real Time Build Order
Export as new Build Order

GogojOey Zerg 

Build Orders: Hatch First 

Get SALT Encoding   

  12  0:00  Drone  
  13  0:12  Overlord  
  13  0:17  Drone  
  14  0:30  Drone x2  
  16  0:48  Hatchery  
  15  0:52  Drone  
  15  0:54  Drone  
  17  0:58  Drone  
  18  1:08  Extractor  
  17  1:14  Spawning Pool  
  16  1:18  Drone  
  16  1:21  Drone  
  18  1:28  Drone  
  19  1:40  Drone  
  20  2:01  Baneling Nest, Queen  
  20  2:05  Spine Crawler x2  
  20  2:07  Spine Crawler  
  18  2:12  Zergling x2  
  18  2:15  Zergling x2  
  20  2:18  Zergling x2  
  20  2:22  Zergling x2  
  22  2:27  Zergling x2  
  23  2:32  Zergling x2  
  23  2:34  Zergling x2  
  25  2:46  Baneling x5  
  25  2:47  Baneling  
  25  2:55  Zergling x4  
  25  3:06  Drone x2  
  27  3:18  Overlord  
  27  3:32  Overlord  
  27  3:36  Queen  
  27  3:38  Drone x2  
  29  3:45  Drone x2  
  29  3:46  Drone  
  32  3:54  Drone  
  33  4:00  Drone  
  34  4:06  Drone  
  34  4:07  Drone  
  34  4:13  Drone x2, Queen  
  36  4:19  Queen  
  37  4:24  Drone  
  37  4:25  Spore Crawler  
  37  4:28  Drone  
  38  4:38  Drone x2, Spore Crawler  
  39  4:46  Drone  
  39  4:48  Overlord  
  39  4:49  Drone x3  
  43  4:58  Drone  
  44  5:02  Evolution Chamber  
  44  5:05  Overlord  
  44  5:06  Drone, Queen  
  46  5:23  Zergling x10  
  46  5:24  Hatchery  
  50  5:28  Overlord  
  50  5:30  Zergling x2  
  50  5:31  Zergling x4  
  50  5:34  Zerg Melee Weapons Level 1  
  53  5:39  Queen  
  55  5:44  Drone, Spore Crawler  
  55  5:46  Drone x2  
  55  5:48  Metabolic Boost  
  57  5:56  Drone x2  
  56  6:05  Drone x2  
  56  6:06  Drone  
  56  6:10  Drone x2  
  59  6:12  Drone x2  
  59  6:13  Drone  
  62  6:19  Overlord x2  
  62  6:24  Baneling  
  62  6:25  Baneling x5  
  62  6:33  Overlord  
  62  6:36  Extractor  
  59  6:50  Drone  
  58  6:59  Drone x2  
  58  7:00  Drone x7  
  58  7:01  Drone x3  
  68  7:03  Spore Crawler  
  68  7:05  Spore Crawler  
  62  7:12  Zergling x10  
  67  7:16  Zergling x4  
  69  7:25  Zergling x2  
  69  7:26  Zergling x4  
  69  7:27  Zergling x6  
  75  7:30  Lair  
  75  7:32  Extractor  
  75  7:34  Drone  
  75  7:43  Zergling x10  
  80  7:44  Drone  
  80  7:47  Baneling  
  80  7:48  Baneling x8  
  80  7:50  Zergling x2  
  80  7:51  Queen x2  
  81  7:58  Roach Warren  
  84  8:03  Baneling  
  84  8:04  Baneling x2, Spine Crawler  
  83  8:05  Spine Crawler  
  83  8:07  Zergling x14  
  89  8:21  Overlord  
  89  8:25  Zergling x4  
  89  8:26  Zergling x8  
  88  8:29  Drone x2  
  88  8:30  Drone x2  
  88  8:32  Overlord  
  69  8:41  Drone x8  
  69  8:46  Zergling x2  
  70  8:49  Drone x2  
  70  8:55  Zergling x6  
  70  8:59  Zergling x2  
  68  9:06  Zergling x4  
  67  9:13  Zergling x6  
  61  9:21  Zergling x8  
Tags
 
Add a new tag
Caveats
  • Supply blocks, unpowered buildings, or Contaminate may cause inaccurate times.
  • Supply counts are checked every 10 seconds.